 Dungeon Crawl Stone Soup version 0.25.1-8-g42b30a86e7 (webtiles) character file.

Game seed: 13066174166619549838

248 Gabide the Skirmisher (level 6, -2/48 HPs)
             Began as a Human Abyssal Knight on Dec 4, 2020.
             Was a Believer of Lugonu.
             Slain by an iguana (12 damage)
             ... on level 4 of the Dungeon.
             The game lasted 00:08:12 (2922 turns).

Gabide the Skirmisher (Human Abyssal Knight)        Turns: 2922, Time: 00:08:13

Health: -2/48      AC:  5    Str: 14    XL:     6   Next: 34%
Magic:  7/7        EV: 12    Int: 12    God:    Lugonu [**....]
Gold:   81         SH:  0    Dex: 13    Spells: 5/5 levels left

rFire    . . .     SeeInvis .   a - +1 spear
rCold    . . .     Gourm    .   (no shield)
rNeg     . . .     Faith    .   b - +0 leather armour
rPois    .         Spirit   .   o - +0 helmet
rElec    .         Reflect  .   i - +0 cloak
rCorr    .         Harm     .   (no gloves)
MR       .....                  (no boots)
Stlth    +.........             (no amulet)
HPRegen  0.16/turn              (no ring)
MPRegen  0.10/turn              (no ring)

@: no status effects
A: no striking features
a: Depart the Abyss, Bend Space, Renounce Religion


You were on level 4 of the Dungeon.
You worshipped Lugonu.
Lugonu was pleased with you.
You were not hungry.

You visited 1 branch of the dungeon, and saw 4 of its levels.
You visited the Abyss 1 time.

You collected 81 gold pieces.

Inventory:

Hand Weapons
 a - a +1 spear (weapon)
 f - a +1 dagger of venom
Missiles
 l - 4 boomerangs (quivered)
 q - 3 javelins
Armour
 b - a +0 leather armour (worn)
 i - a +0 cloak (worn)
 o - a +0 helmet (worn)
Scrolls
 d - a scroll of magic mapping
 e - 2 scrolls of remove curse
 g - 2 scrolls of teleportation
 j - a scroll of blinking {unknown}
 m - a scroll of identify
Potions
 h - 2 potions of might {unknown}
 k - 2 potions of curing {unknown}
 n - a potion of brilliance {unknown}
Comestibles
 c - 4 rations
 p - 3 chunks of flesh


   Skills:
 + Level 3.6 Fighting
 + Level 3.6 Polearms
 + Level 2.8 Throwing
 + Level 2.7 Armour
 * Level 2.1 Dodging
 - Level 2.5 Invocations


You had 5 spell levels left.
You didn't know any spells.
Your spell library was empty.

Dungeon Overview and Level Annotations

Branches:
Dungeon (4/15)
 Temple: D:4-7

Altars:
Dithmenos
Nemelex Xobeh
Zin

Annotations:
D:3 Natasha


Message History

You hit the orc.
The orc is heavily wounded.
The orc hits you with a +0 mace.
You hit the orc.
The orc is heavily wounded.
The orc hits you with a +0 mace.
* * * LOW HITPOINT WARNING * * *
You hit the orc.
You kill the orc!
Lugonu accepts your kill.
You barely miss the orc. The orc hits you with a +0 club.
* * * LOW HITPOINT WARNING * * *
You hit the orc.
The orc is severely wounded.
The orc barely misses you.
You hit the orc.
You kill the orc!
Lugonu accepts your kill.
You completely miss the iguana. The iguana bites you!
You die...

#..# #.(# ##
####..####.# #.
#.##.......# #.
#...<....# #.
#........# #.
#........#
#.##..>........
#.@l..........#
#####.......#.#
#.......# #
#########


You could see an iguana.

Vanquished Creatures
  An orc priest (D:3)
  Natasha (D:3)
  2 orc wizards (D:3)
  A hound zombie (D:2)
  3 gnolls (D:3)
  3 adders
  2 leopard geckos
  8 orcs
  6 goblins
  8 hobgoblins
  2 jackals (D:2)
  3 ball pythons
  4 bats
  4 frilled lizards
  14 kobolds
  8 rats
70 creatures vanquished.

Notes
Turn   | Place    | Note
-------+----------+-------------------------------------------
     0 | Abyss:1  | Gabide the Human Abyssal Knight began the quest for the
                  | Orb.
     0 | Abyss:1  | Reached XP level 1. HP: 18/18 MP: 2/2
    89 | Abyss:1  | Noticed a small abomination
    90 | Abyss:1  | Noticed a seven-headed hydra zombie
   101 | Abyss:1  | Noticed a quasit
   103 | D:1      | Escaped the Abyss
   525 | D:1      | Reached skill level 1 in Throwing
   525 | D:1      | Reached XP level 2. HP: 24/24 MP: 3/3
   538 | D:1      | Reached * piety under Lugonu
   882 | D:2      | Reached XP level 3. HP: 14/29 MP: 4/4
  1207 | D:2      | Reached XP level 4. HP: 35/35 MP: 5/5
  1216 | D:2      | Found a shadowy altar of Dithmenos.
  1370 | D:2      | Found a sparkling altar of Nemelex Xobeh.
  1683 | D:2      | Reached ** piety under Lugonu
  2005 | D:3      | Reached XP level 5. HP: 20/41 MP: 6/6
  2010 | D:3      | HP: 1/41 [gnoll/+0 flail (10)]
  2454 | D:3      | Found a glowing silver altar of Zin.
  2644 | D:3      | Reached XP level 6. HP: 27/47 MP: 7/7
  2861 | D:3      | Noticed Natasha
  2880 | D:3      | Killed Natasha
  2905 | D:3      | Noticed Natasha
  2922 | D:4      | Slain by an iguana

Illustrated notes

Levels and vault maps discovered:
D:1:      elethiomel_arrival_infinity_welcomes_careful_drivers, layout_rooms
D:2:      layout_basic, nicolae_dithmenos_shadow_blocks, lemuel_doored_altar,
          first_ration
D:3:      layout_basic, nicolae_overflow_crystal_walls, uniq_natasha
D:4:      cheibrodos_quashed, layout_loops_ring, makhleb_grotto_becter,
          gammafunk_ghost_icy, hangedman_decor_opposing

Skill      XL: |  1  2  3  4  5  6 |
---------------+-------------------+-----
Throwing       | 1 2 |  2.8
Polearms       | 3 |  3.6
Dodging        | 2 |  2.1
Fighting       | |  3.6
Armour         | |  2.7
Invocations    | |  2.5

Action                   |  1- 3 |  4- 6 || total
-------------------------+-------+-------++-------
Melee: Spear             |    49 |   154 ||   203
Throw: Javelin           |    10 |    15 ||    25
       Boomerang         |    10 |    17 ||    27
Invok: Depart the Abyss  |     1 |       ||     1
  Use: Scroll            |     3 |     3 ||     6
       Potion            |       |     1 ||     1
  Eat: Chunk             |       |     4 ||     4
       Ration            |       |     1 ||     1
Armor: Leather armour    |     8 |    32 ||    40
Dodge: Dodged            |    14 |    80 ||    94
